 Dungeon Sprint DCSS version 0.19-a0-1899-g2d93087 (webtiles) character file.

20862 George the Tortoise (level 12, -3/125 HPs)
             Began as a Minotaur Fighter on Oct 19, 2016.
             Was the Champion of Makhleb.
             Slain by a demonic crawler (4 damage)
             ... in the Dungeon (Sprint IX: "|||||||||||||||||||||||||||||") on Oct 20, 2016.
             The game lasted 00:17:48 (3049 turns).

George the Tortoise (Minotaur Fighter)              Turns: 3049, Time: 00:17:49

Health: -3/125     AC: -35   Str: 24    XL:     12   Next: 49%
Magic:  21/21      EV:  8    Int:  5    God:    Makhleb [******]
Gold:   1922       SH: 22    Dex: 12    Spells: 0 memorised, 11 levels left

rFire  . . .     SeeInvis .     B - +2 scimitar (flame)
rCold  . . .     Gourm    .     C - +0 plate armour
rNeg   . . .     Faith    .     F - +1 large shield
rPois  .         Spirit   .     (helmet restricted)
rElec  .         Reflect  .     c - +1 cloak
rCorr  .         Harm     .     a - +0 pair of gloves
MR     +....     NoTele   +     y - +0 pair of boots
Stlth  ..........               v - amulet of magic regeneration
                                b - ring of protection from magic
                                r - +2 ring of evasion

@: corroded
A: retaliatory headbutt, horns 2
a: Minor Destruction, Lesser Servant of Makhleb, Major Destruction, Greater
Servant of Makhleb, Renounce Religion


You were in the Dungeon.
You worshipped Makhleb.
Makhleb was exalted by your worship.
You were hungry.

You visited 1 branch You collected 1922 gold pieces.

Inventory:

Hand Weapons
 q - a +2 scimitar of holy wrath
 B - a +2 scimitar of flaming (weapon)
 E - a +1 double sword
Armour
 a - a +0 pair of gloves (worn)
 c - a +1 cloak (worn)
 y - a +0 pair of boots (worn)
 A - +1 fire dragon scales
 C - a +0 plate armour (worn)
 F - a +1 large shield (worn)
Jewellery
 b - a ring of protection from magic (right hand)
 p - an uncursed ring of see invisible
 r - a +2 ring of evasion (left hand)
 v - an amulet of magic regeneration (around neck)
 D - an uncursed ring of fire
Wands
 o - a wand of iceblast (7/15)
Scrolls
 k - 3 scrolls of blinking
 m - 6 scrolls of remove curse
 n - 2 scrolls of amnesia
 w - 2 scrolls of enchant armour
 x - 2 scrolls of fog
 G - 2 scrolls of enchant weapon
 H - a scroll of identify
Potions
 d - 2 potions of might
 e - 7 potions of curing
 g - 9 potions of heal wounds
 h - 3 potions of haste
 i - 4 potions of magic
 l - a potion of invisibility
 t - a potion of brilliance
 u - a potion of flight
Comestibles
 f - 13 bread rations
 j - 40 fruits
 z - 12 meat rations
 I - 7 chunks of flesh


   Skills:
 + Level 17.1 Fighting
 + Level 17.1 Long Blades
 + Level 17.2 Armour
 + Level 17.2 Shields
 + Level 13.8 Invocations


You had 11 spell levels left.
You didn't know any spells.

Dungeon Overview and Level Annotations

Branches:
Dungeon (1/1)

Altars:
Cheibriados
Dithmenos
Elyvilon
Fedhas
Gozag
Hepliaklqana
Kikubaaqudgha
Makhleb
Nemelex Xobeh
Okawaru
Qazlal
Ru
Sif Muna
Trog
Uskayaw
Vehumet
Xom
Yredelemnul
Zin
The Shining One
Beogh
Jiyva
Lugonu

Shops:
D :[::


Innate Abilities, Weirdness & Mutations

You reflexively headbutt those who attack you in melee.
You have a pair of horns on your head.


Message History

The demonic crawler hits your orange demon!
The entropy weaver gestures wildly while chanting.
The entropic weave corrodes you!
Your orange demon closely misses the demonic crawler.
Your orange demon hits the demonic crawler.
The demonic crawler looks weaker.
The demonic crawler hits your orange demon. x2
Your orange demon dies!
The entropy weaver gestures wildly while chanting.
The entropic weave corrodes you!
The entropy weaver mumbles some strange words.
The entropic weave corrodes you!
The entropy weaver mumbles some strange words.
The entropic weave corrodes you!
The entropy weaver gestures wildly while chanting.
The entropic weave corrodes you! The demonic crawler hits you!
* * * LOW HITPOINT WARNING * * *
The demonic crawler hits you.
You die...

▓_▓.▓.▓)▓.▓.▓[▓.▓
▓_▓.▓.▓.▓)▓.▓[▓.▓
▓_▓.▓.▓.▓)▓.▓[▓.▓
▓_▓.▓.▓.▓)▓.▓[▓.▓
▓_▓.▓.▓.▓.▓.▓[▓.▓
▓_▓.▓.▓.▓.▓.▓[▓.▓
▓_▓.▓.▓.▓[▓.▓.▓.▓
▓_▓.▓.▓.▓.▓.▓.▓.▓
▓_▓.▓†▓.▓.▓.▓)▓@▓w▓
▓_▓.▓.▓.▓(▓.▓)▓s▓s▓
▓_▓.▓.▓.▓)▓.▓)▓.▓.▓
▓_▓.▓.▓.▓[▓.▓)▓.▓s▓
▓_▓.▓.▓.▓)▓.▓)▓.▓.▓
▓'▓.▓.▓.▓)▓.▓)▓.▓.▓
▓.▓.▓[▓.▓)▓.▓)▓.▓'▓
▓.▓.▓.▓.▓.▓.▓.▓a▓s▓
▓.▓.▓.▓.▓)▓.▓.▓.▓.▓


You could see an entropy weaver and a demonic crawler.

Vanquished Creatures
  A fire giant (D)
  A very ugly thing (D)
  A spark wasp (D)
  Snorg (D)
  A yaktaur captain (D)
  A fire dragon (D)
  A rakshasa (D)
  Erica (D)
  An ogre mage (D)
  A tengu warrior (D)
  A centaur warrior (D)
  5 orc high priests (D)
  An orc knight (D)
  2 hill giants (D)
  2 orc sorcerers (D)
  A manticore (D)
  A black mamba (D)
  5 spiny frogs (D)
  A komodo dragon (D)
  A jumping spider (D)
  A tyrant leech (D)
  2 blink frogs (D)
  4 hippogriffs (D)
  A yak (D)
  A hungry ghost (D)
  Eustachio (D)
  A basilisk (D)
  A vampire mosquito (D)
  2 water moccasins (D)
  A porcupine (D)
  8 orc warriors (D)
  2 ice beasts (D)
  A centaur (D)
  An ogre (D)
  3 crocodiles (D)
  9 bullfrogs (D)
  2 crimson imps (D)
  3 orc priests (D)
  2 orc wizards (D)
  An iguana (D)
  A worker ant (D)
  An adder zombie (D)
  18 orcs (D)
  A hobgoblin (D)
  A bat (D)
  A kobold (D)
  A quokka skeleton (D)
  2 rats (D)
103 creatures vanquished.

Vanquished Creatures (collateral kills)
  A demonic crawler (D)
  A redback (D)
  An orc warrior (D)
3 creatures vanquished.

Vanquished Creatures (others)
  An orc (D)
1 creature vanquished.

Grand Total: 107 creatures vanquished

Notes
Turn   | Place    | Note
-------+----------+-------------------------------------------
     0 | D        | George the Minotaur Fighter began the quest for the Orb.
     0 | D        | Reached XP level 1. HP: 19/19 MP: 0/0
    32 | D        | Noticed an ogre
    32 | D        | Noticed an iguana
    32 | D        | Noticed a worker ant
    36 | D        | Killed a worker ant
    36 | D        | Reached skill level 5 in Fighting
    36 | D        | Reached skill level 5 in Armour
    36 | D        | Reached skill level 5 in Shields
    36 | D        | Reached XP level 2. HP: 29/29 MP: 1/1
    39 | D        | Reached XP level 3. HP: 33/36 MP: 2/2
    41 | D        | Reached skill level 5 in Long Blades
    46 | D        | Killed an ogre
    46 | D        | Reached XP level 4. HP: 45/45 MP: 3/3
    56 | D        | Found a roughly hewn altar of Beogh.
    56 | D        | Found a snail-covered altar of Cheibriados.
    56 | D        | Found a shadowy altar of Dithmenos.
    56 | D        | Found a white marble altar of Elyvilon.
    56 | D        | Found a blossoming altar of Fedhas.
    56 | D        | Found an opulent altar of Gozag.
    57 | D        | Found a hazy altar of Hepliaklqana.
    58 | D        | Found a viscous altar of Jiyva.
    59 | D        | Found an ancient bone altar of Kikubaaqudgha.
    60 | D        | Found a corrupted altar of Lugonu.
    61 | D        | Found a burning altar of Makhleb.
    62 | D        | Found a sparkling altar of Nemelex Xobeh.
    63 | D        | Found an iron altar of Okawaru.
    64 | D        | Found a stormy altar of Qazlal.
    65 | D        | Found a sacrificial altar of Ru.
    66 | D        | Found a deep blue altar of Sif Muna.
    67 | D        | Found a bloodstained altar of Trog.
    68 | D        | Found a hide-covered altar of Uskayaw.
    69 | D        | Became a worshipper of Makhleb the Destroyer
    70 | D        | Found a radiant altar of Vehumet.
    71 | D        | Found a shimmering altar of Xom.
    72 | D        | Found a basalt altar of Yredelemnul.
    73 | D        | Found a glowing silver altar of Zin.
    74 | D        | Found a glowing golden altar of the Shining One.
   110 | D        | Noticed an ice beast
   110 | D        | Noticed a crocodile
   110 | D        | Noticed a hungry ghost
   110 | D        | Noticed a centaur
   124 | D        | Killed a centaur
   124 | D        | Reached XP level 5. HP: 46/52 MP: 3/5
   129 | D        | Killed a hungry ghost
   129 | D        | Reached * piety under Makhleb
   129 | D        | Reached XP level 6. HP: 55/62 MP: 3/7
   135 | D        | Killed an ice beast
   135 | D        | Reached XP level 7. HP: 69/70 MP: 4/9
   138 | D        | Reached ** piety under Makhleb
   138 | D        | Reached skill level 5 in Invocations
   182 | D        | Noticed a komodo dragon
   182 | D        | Noticed a hippogriff
   182 | D        | Noticed a centaur warrior
   188 | D        | Killed a centaur warrior
   188 | D        | Reached skill level 10 in Fighting
   188 | D        | Reached skill level 10 in Long Blades
   188 | D        | Reached skill level 10 in Armour
   188 | D        | Reached skill level 10 in Shields
   188 | D        | Reached XP level 8. HP: 59/80 MP: 9/11
   195 | D        | Killed a hippogriff
   204 | D        | Killed a komodo dragon
   205 | D        | Reached *** piety under Makhleb
   372 | D        | Noticed a spiny frog
   373 | D        | Reached **** piety under Makhleb
   385 | D        | Reached XP level 9. HP: 83/89 MP: 13/13
   395 | D        | Reached ***** piety under Makhleb
   413 | D        | Killed a spiny frog
   608 | D        | Noticed a spiny frog
   608 | D        | Noticed a black mamba
   633 | D        | Killed a black mamba
   644 | D        | Killed a spiny frog
   652 | D        | Reached ****** piety under Makhleb
   660 | D        | Reached XP level 10. HP: 101/101 MP: 16/16
   677 | D        | Noticed a spiny frog
   677 | D        | Noticed a spiny frog
   678 | D        | Noticed a spiny frog
   683 | D        | Killed a spiny frog
   690 | D        | Killed a spiny frog
   690 | D        | Reached skill level 10 in Invocations
   711 | D        | Killed a spiny frog
  1158 | D        | Noticed Erica
  1159 | D        | Noticed Eustachio
  1179 | D        | Killed Erica
  1201 | D        | Killed Eustachio
  1696 | D        | Noticed an orc knight
  1709 | D        | Noticed an orc high priest
  2120 | D        | Killed an orc knight
  2129 | D        | Noticed an orc high priest
  2131 | D        | Noticed a rust devil
  2152 | D        | Killed an orc high priest
  2152 | D        | Reached XP level 11. HP: 87/111 MP: 18/18
  2156 | D        | Killed an orc high priest
  2240 | D        | Found Jeob's Book Boutique.
  2240 | D        | Noticed an orc high priest
  2244 | D        | Noticed an orc sorcerer
  2248 | D        | Killed an orc high priest
  2248 | D        | Reached skill level 15 in Armour
  2248 | D        | Reached skill level 15 in Shields
  2254 | D        | Found Gaan's Book Shop.
  2258 | D        | Killed an orc sorcerer
  2258 | D        | Reached skill level 15 in Fighting
  2266 | D        | Found Fithuibae's Antique Armour Boutique.
  2270 | D        | Found Gidarch's Book Shop.
  2281 | D        | Noticed an orc high priest
  2289 | D        | Noticed an orc high priest
  2307 | D        | Noticed a soul eater
  2316 | D        | Noticed an orc sorcerer
  2316 | D        | Killed an orc high priest
  2316 | D        | Reached skill level 15 in Long Blades
  2317 | D        | Noticed a sun demon
  2326 | D        | Killed an orc high priest
  2333 | D        | Killed an orc sorcerer
  2702 | D        | Noticed a hill giant
  2702 | D        | Noticed a hill giant
  2702 | D        | Noticed a tengu warrior
  2719 | D        | Killed a tengu warrior
  2725 | D        | Noticed a yaktaur captain
  2728 | D        | Noticed a green very ugly thing
  2730 | D        | Killed a hill giant
  2731 | D        | Noticed a spark wasp
  2736 | D        | Killed a hill giant
  2749 | D        | Killed a yaktaur captain
  2758 | D        | Killed a green very ugly thing
  2758 | D        | Reached XP level 12. HP: 122/122 MP: 20/20
  2767 | D        | Killed a spark wasp
  2784 | D        | Noticed a fire giant
  2785 | D        | Noticed a rakshasa
  2785 | D        | Noticed an ogre mage
  2789 | D        | Noticed a fire dragon
  2799 | D        | Killed a fire giant
  2808 | D        | Killed a rakshasa
  2818 | D        | Killed a fire dragon
  2825 | D        | Killed an ogre mage
  2890 | D        | Noticed Snorg
  2905 | D        | Killed Snorg
  2980 | D        | Noticed an entropy weaver
  3035 | D        | HP: 3/125 [demonic crawler (8)]
  3049 | D        | HP: 1/125 [demonic crawler (7)]
  3049 | D        | Slain by a demonic crawler

Vault maps used:
D:        linesprint

Skill      XL: |  1  2  3  4  5  6  7  8  9 10 11 12 |
---------------+-------------------------------------+-----
Shields        | 5 6 7 8 9 10 11 13 14 16 17 | 17.2
Long Blades    | 4 6 7 8 10 11 12 14 16 17 | 17.1
Armour         | 5 6 7 8 9 10 11 13 14 16 17 | 17.2
Fighting       | 5 6 7 8 9 10 11 13 14 16 17 | 17.1
Invocations    | 2 3 4 6 7 9 11 12 13 | 13.8

Action                   |  1- 3 |  4- 6 |  7- 9 | 10-12 || total
-------------------------+-------+-------+-------+-------++-------
Melee: Long sword        |    29 |       |       |       ||    29
       Headbutt          |     3 |     4 |    31 |    79 ||   117
       Scimitar          |       |    25 |   131 |   328 ||   484
       Double sword      |       |       |       |    22 ||    22
Invok: Lesser Servant of |       |       |       |     4 ||     4
       Greater Servant o |       |       |       |     2 ||     2
  Use: Potion            |     1 |       |       |       ||     1
  Eat: Chunk             |       |       |     2 |     8 ||    10
Armor: Scale mail        |    16 |     6 |    24 |    12 ||    58
       Chain mail        |       |       |       |    12 ||    12
       Plate armour      |       |       |       |    48 ||    48
Dodge: Dodged            |     5 |     9 |    34 |    57 ||   105
Block: Shield            |    12 |     9 |    68 |    74 ||   163
       Large shield      |       |       |       |   127 ||   127
       Rpst.: Scimitar   |       |       |     5 |    14 ||    19
